Map: 2000 Atmospheres LE

Players

terranmaster - Winner!

  • Race: Zerg Zerg
  • League: Platinum

ZergStrika

  • Race: Zerg Zerg
  • League: Gold

VOD

Have the link to the VOD?

Description

Time

  • Played on: Dec. 1, 2021, 7:38 p.m.
  • Length: 5:53
Show
View Real Time Build Order
Export as new Build Order

terranmaster Zerg - Winner!

Build Orders: Pool First 

Get SALT Encoding   

  12  0:02  Drone  
  13  0:07  Drone  
  14  0:20  Overlord  
  14  0:28  Extractor  
  13  0:31  Extractor  
  13  0:32  Drone x2  
  16  0:39  Drone  
  17  0:45  Drone  
  18  0:52  Spawning Pool  
  18  0:55  Drone  
  18  1:08  Drone  
  19  1:16  Hatchery  
  18  1:19  Drone  
  19  1:27  Extractor  
  19  1:28  Drone  
  19  1:39  Queen  
  21  1:40  Drone  
  22  1:54  Drone, Extractor  
  21  2:00  Roach Warren, Drone  
  22  2:14  Drone, Spine Crawler  
  23  2:22  Overlord  
  23  2:28  Overlord  
  23  2:36  Overlord  
  23  2:41  Roach  
  23  2:43  Roach  
  27  2:52  Roach x3  
  27  2:55  Roach  
  35  3:06  Roach  
  35  3:07  Roach  
  35  3:12  Roach  
  41  3:14  Roach  
  43  3:25  Overlord  
  43  3:28  Overlord  
  43  3:34  Roach x3  
  49  3:44  Roach x2  
  53  3:53  Zergling x4  
  53  3:54  Zergling x2  
  56  3:55  Zergling x2  
  56  3:56  Zergling x2  
  56  3:58  Zergling x2  
  60  4:02  Ravager  
  60  4:06  Zergling x2  
  61  4:11  Zergling x2  
  61  4:15  Zergling x2  
  63  4:25  Ravager  
  63  4:28  Zergling x2  
  63  4:29  Zergling x6  
  68  4:42  Overlord x2  
  63  5:13  Zergling x6  
  63  5:14  Zergling x6  
  68  5:16  Roach x3  
Show
View Real Time Build Order
Export as new Build Order

ZergStrika Zerg 

Build Orders: Hatch First 

Get SALT Encoding   

  12  0:00  Drone  
  13  0:13  Overlord  
  13  0:17  Drone  
  14  0:31  Drone x2  
  16  0:49  Hatchery  
  15  0:52  Drone  
  15  0:56  Drone  
  17  1:00  Drone  
  18  1:10  Extractor  
  17  1:16  Spawning Pool  
  16  1:19  Drone  
  16  1:23  Drone  
  18  1:30  Drone  
  19  1:39  Overlord  
  19  2:03  Queen x2  
  19  2:04  Zergling x6  
  26  2:12  Drone x2  
  28  2:22  Drone  
  29  2:23  Drone  
  30  2:35  Overlord  
  30  2:39  Queen  
  30  2:43  Lair  
  32  2:51  Drone  
  32  2:52  Drone x2  
  32  2:55  Drone  
  32  2:56  Drone  
  37  3:03  Evolution Chamber  
  36  3:11  Roach Warren  
  35  3:13  Drone  
  35  3:14  Drone  
  37  3:20  Drone  
  37  3:21  Drone  
  37  3:22  Drone  
  40  3:33  Drone x3  
  40  3:34  Drone  
  44  3:35  Overlord  
  44  3:55  Extractor  
  43  3:57  Extractor  
  43  3:58  Drone x2  
  43  4:00  Drone  
  43  4:01  Drone  
  43  4:02  Drone x2  
  48  4:03  Drone x2  
  50  4:18  Roach  
  50  4:19  Overlord  
  50  4:20  Overlord  
  52  4:39  Roach x6  
  52  4:40  Roach  
  66  4:49  Roach  
  64  5:05  Roach x4  
  63  5:09  Roach x4  
  63  5:12  Overlord x2  
  61  5:17  Roach  
Tags
 
Add a new tag
Caveats
  • Supply blocks, unpowered buildings, or Contaminate may cause inaccurate times.
  • Supply counts are checked every 10 seconds.